 Dungeon Crawl Stone Soup version 0.27-a0-61-g21144fbd99 (webtiles) character file.

Game seed: 16074880268645626128

357 jasper the Quickloader (level 6, -3/35 HPs)
             Began as a Kobold Hunter on Jan 8, 2021.
             Slain by a bullfrog zombie (4 damage)
             ... on level 5 of the Dungeon.
             The game lasted 00:03:43 (1767 turns).

jasper the Quickloader (Kobold Hunter)              Turns: 1767, Time: 00:03:43

Health: -3/35      AC:  3    Str: 11    XL:     6   Next: 96%
Magic:  6/6        EV: 15    Int: 12    God:
Gold:   9          SH:  0    Dex: 16    Spells: 5/5 levels left

rFire    . . .     SeeInvis .   b - +1 short sword
rCold    . . .     Faith    .   (shield restricted)
rNeg     . . .     Spirit   .   c - +0 leather armour
rPois    .         Reflect  .   (no helmet)
rElec    .         Harm     .   (no cloak)
rCorr    .         Rampage  .   (no gloves)
Will     .....                  (no boots)
Stlth    +++.......             (no amulet)
HPRegen  0.11/turn              (no ring)
MPRegen  0.10/turn              (no ring)

@: no status effects
A: small, nightstalker 3
a: no special abilities


You were on level 5 of the Dungeon.
You visited 1 branch of the dungeon, and saw 5 of its levels.

You collected 9 gold pieces.

Inventory:

Hand Weapons
 a - a +1 hand crossbow
 b - a +1 short sword (weapon)
Armour
 c - a +0 leather armour (worn)


   Skills:
 - Level 2.1 Fighting
 + Level 9.3 Crossbows
 - Level 2.4 Dodging
 - Level 1.3 Stealth


You had 5 spell levels left.
You didn't know any spells.
Your spell library was empty.

Dungeon Overview and Level Annotations

Branches:
Dungeon (5/15)
 Temple: D:4-7

Altars:
Xom


Innate Abilities, Weirdness & Mutations

You are small and have problems with some larger weapons.
You are completely attuned to the shadows.


Message History

You smack the adder zombie!
The adder zombie is heavily damaged.
The adder zombie barely misses you.
You smack the adder zombie!
You destroy the adder zombie!
You feel less wooden.
Your +0 leather armour unmelds from your body.
You now have 1/35 hp.
You aren't carrying any potions.
Okay, then.
b - a +0 short sword (weapon)
The bullfrog zombie closely misses you.
As you read the scroll labelled IRIWNOUGIHI, it crumbles to dust.
It is a scroll of enchant weapon.
Your +0 short sword glows red for a moment.
The bullfrog zombie hits you but does no damage.
You puncture the bullfrog zombie!
The bullfrog zombie is lightly damaged.
The bullfrog zombie hits you.
You die...

#?... ##.#.#.
##......
###.#.#.#.
###....<....
#@Z(#.#.#.#.
#....###.......
###### ###.#c#.
.....


You could see a bullfrog zombie.

Vanquished Creatures
  A necrophage (D:5)
  An ogre (D:5)
  A centaur (D:5)
  A howler monkey (D:5)
  A hound skeleton (D:5)
  An adder (D:3)
  An ooze (D:2)
  An adder zombie (D:5)
  2 worms
  A dart slug (D:3)
  A ball python (D:2)
  2 giant cockroaches
  2 hobgoblins (D:2)
  4 jackals (D:3)
  2 kobolds
  2 goblins
  3 rats
27 creatures vanquished.

Notes
Turn   | Place    | Note
-------+----------+-------------------------------------------
     0 | D:1      | jasper the Kobold Hunter began the quest for the Orb.
     0 | D:1      | Reached XP level 1. HP: 12/12 MP: 1/1
    71 | D:2      | Reached skill level 5 in Crossbows
   537 | D:2      | Found a faded altar of an unknown god.
   753 | D:3      | Found a shimmering altar of Xom.
   767 | D:2      | Reached XP level 2. HP: 6/17 MP: 2/2
  1100 | D:3      | Reached XP level 3. HP: 21/21 MP: 3/3
  1144 | D:3      | Reached skill level 6 in Crossbows
  1721 | D:4      | Noticed a scorpion
  1725 | D:5      | Entered Level 5 of the Dungeon
  1725 | D:5      | Noticed a necrophage
  1725 | D:5      | Noticed an ogre
  1725 | D:5      | Noticed a centaur
  1738 | D:5      | Killed a necrophage
  1739 | D:5      | Reached skill level 7 in Crossbows
  1739 | D:5      | Reached XP level 4. HP: 3/26 MP: 4/4
  1739 | D:5      | Reached XP level 5. HP: 3/30 MP: 5/5
  1750 | D:5      | Killed an ogre
  1751 | D:5      | Reached skill level 8 in Crossbows
  1751 | D:5      | Reached XP level 6. HP: 7/35 MP: 6/6
  1757 | D:5      | Reached skill level 9 in Crossbows
  1759 | D:5      | HP: 1/52 [hound skeleton (3)]
  1767 | D:5      | Slain by a bullfrog zombie

Illustrated notes

Levels and vault maps discovered:
D:1:      dpeg_arrival_pits, layout_basic
D:2:      layout_basic, chequers_ecumenical_altar_simple
D:3:      layout_loops_corners, ebering_ghost_sewer_f,
          brannock_xom_greatest_gift
D:4:      layout_cave_pools, nemelex_xobeh_ov_fountains_minmay
D:5:      gammafunk_cloud_chamber, layout_rooms, temple_statues, st_stairs_9

Skill      XL: |  1  2  3  4  5  6 |
---------------+-------------------+-----
Crossbows      | 5 7 8 9 |  9.3
Fighting       | |  2.1
Dodging        | |  2.4
Stealth        | |  1.3

Action                   |  1- 3 |  4- 6 || total
-------------------------+-------+-------++-------
Melee: Short sword       |    54 |     1 ||    55
       Unarmed           |       |    13 ||    13
 Fire: Hand crossbow     |    27 |    11 ||    38
  Use: Potion            |     1 |     1 ||     2
       Scroll            |       |     1 ||     1
 Stab: Sleeping          |     3 |       ||     3
Armor: Leather armour    |    13 |     1 ||    14
       Skin              |     5 |    16 ||    21
Dodge: Dodged            |    69 |     3 ||    72

Table legend: (Time is in decaauts)
 A = Elapsed time spent in this place.
 B = Non-inter-level travel time spent in this place.
 C = Inter-level travel time spent in this place.
 D = Time resting spent in this place.
 E = Time spent auto-exploring this place.
 F = Levels seen in this place.
 G = Mean time per level.
                   A        B        C        D        E       F      G
               +--------+--------+--------+--------+--------+-----+--------+
         Total |   1775 |   1761 |     14 |    984 |    383 |   5 |  355.0 |
       Dungeon |   1775 |   1761 |     14 |    984 |    383 |   5 |  355.0 |
               +--------+--------+--------+--------+--------+-----+--------+

Top non-repeatable levels by time:
     D:2: 1055 daAuts
     D:3: 660 daAuts
     D:5: 42 daAuts
     D:4: 15 daAuts
     D:1: 2 daAuts
